 Dungeon Crawl Stone Soup version 0.25.1-2-g60ff931df9 (webtiles) character file.

Game seed: 17695278953634041163

25193 Curus the Warrior (level 12, 0/121 HPs)
             Began as a Minotaur Berserker on Aug 30, 2020.
             Was a High Priest of Trog.
             Slain by a spiny frog (10 damage)
             ... on level 6 of the Lair of Beasts.
             The game lasted 01:09:13 (15036 turns).

Curus the Warrior (Minotaur Berserker)             Turns: 15036, Time: 01:09:13

Health: 0/121      AC: 12    Str: 21    XL:     12   Next: 87%
Magic:  11/11      EV: 22    Int:  7    God:    Trog [*****.]
Gold:   834        SH:  5    Dex: 19    Spells: 11/11 levels left

rFire    . . .     SeeInvis .   G - +3 glaive (flame)
rCold    . . .     Gourm    .   (shield currently unavailable)
rNeg     . . .     Faith    .   E - +2 ring mail {rPois}
rPois    +         Spirit   .   (helmet restricted)
rElec    .         Reflect  +   M - +2 cloak
rCorr    .         Harm     .   (no gloves)
MR       .....                  (no boots)
Stlth    +.........             i - amulet of reflection
HPRegen  0.30/turn              s - +4 ring of slaying
MPRegen  0.12/turn              x - +6 ring of dexterity

@: no status effects
A: retaliatory headbutt, horns 2, slimy green scales 1, blurry vision 1, no
potion heal 1
a: Berserk, Trog's Hand, Brothers in Arms, Renounce Religion


You were on level 6 of the Lair of Beasts.
You worshipped Trog.
Trog was extremely pleased with you.
You were very hungry.

You visited 2 branches of the dungeon, and saw 15 of its levels.

You collected 1016 gold pieces.
You spent 182 gold pieces at shops.

Inventory:

Hand Weapons
 a - a +1 spear
 z - a +1 trident of protection
 C - a +2 vorpal bardiche
 G - a +3 glaive of flaming (weapon)
Armour
 b - a +0 animal skin
 e - a +0 scale mail
 f - a +0 kite shield
 g - a +0 chain mail of magic resistance
 m - a +2 cloak
 u - the +3 leather armour of Koyh {rC+ rCorr}
   (You found it on level 4 of the Dungeon)

   It protects you from cold.
   It provides partial protection from all sources of acid and corrosion.
 E - a +2 ring mail of poison resistance (worn)
 F - a cursed +0 ring mail
 M - a +2 cloak (worn)
 O - a +1 ring mail of fire resistance
Jewellery
 i - an amulet of reflection (around neck)
 s - a +4 ring of slaying (left hand)
 x - a +6 ring of dexterity (right hand)
 y - an uncursed ring of resist corrosion
 K - an uncursed amulet of the acrobat
 P - an uncursed ring of poison resistance
Wands
 k - a wand of random effects (36)
 l - a wand of polymorph (7)
 o - a wand of paralysis (12)
 v - a wand of clouds (2)
 N - a wand of disintegration (19)
Scrolls
 h - 7 scrolls of identify
 j - 5 scrolls of remove curse
 q - a scroll of enchant armour
 r - 5 scrolls of fog
 t - 5 scrolls of teleportation
 D - 2 scrolls of blinking
 H - a scroll of magic mapping
Potions
 d - 10 potions of curing
 n - 2 potions of magic
 p - 2 potions of might
 w - 3 potions of stabbing
 A - 2 potions of berserk rage
 B - 2 potions of heal wounds
 I - 2 potions of ambrosia
 J - a potion of mutation
 L - 3 potions of haste
Comestibles
 c - 28 rations


   Skills:
 + Level 15.2 Fighting
 - Level 14.1 Polearms
 - Level 2.4 Armour
 + Level 13.9 Dodging


You had 11 spell levels left.
You didn't know any spells.
Your spell library was empty.

Dungeon Overview and Level Annotations

Branches:
Dungeon (11/15)            Temple (0/1) D:7            Lair (3/6) D:11
  Snake (0/4) Lair:2          Orc (0/2) D:11
  Swamp: Lair:2-4    Shoals: Lair:2-4

Altars:
Dithmenos
Elyvilon
Gozag
Kikubaaqudgha
Makhleb
Okawaru
Qazlal
Trog
Wu Jian
Xom
Zin

Shops:
D:8 :![(   D:11 [(


Innate Abilities, Weirdness & Mutations

You reflexively headbutt those who attack you in melee.
You have a pair of horns on your head.
You are partially covered in slimy green scales. (AC +2)
Scrolls take you a little longer to read.
Potions are less effective at restoring your health.


Message History

You are engulfed in blazing flames.
* * * LOW HITPOINT WARNING * * *
You hear a loud, deep croak!
A spiny frog comes into view.
A basilisk comes into view.
The basilisk hisses angrily.
You hit the spiny frog. You burn the spiny frog.
The spiny frog is lightly wounded.
The spiny frog stings you!
* * * LOW HITPOINT WARNING * * *
You hit the spiny frog but do no damage.
The spiny frog is lightly wounded.
The spiny frog misses you. You furiously retaliate!
You headbutt the spiny frog!
You hit the spiny frog but do no damage.
You headbutt the spiny frog!
The spiny frog is severely wounded.
The spiny frog misses you. You furiously retaliate!
You headbutt the spiny frog! The spiny frog stings you!
You die...

#...P##........##
#....##.........##
#P...##.....#P...#
#.... ##.####P..##
##.. #########P..#
.^.#.#...#.#..##
........†....##
..........†...##
......F@........#
...l.........##.#
.............P###
...####....#..# .#
###.##...# ###
..## ..#


You could see a spiny frog and a basilisk.

Vanquished Creatures
  4 hydras
  A catoblepas (Lair:1)
  A death knight (D:10)
  A two-headed ogre (D:10)
  A fire crab (Lair:6)
  A phantasmal warrior (D:10)
  An elephant (Lair:1)
  2 black mambas
  Maggie (Lair:1)
  4 spiny frogs
  A centaur skeleton (D:11)
  2 rime drakes (Lair:1)
  4 komodo dragons
  2 freezing wraiths
  A queen bee (D:9)
  A troll (D:10)
  A hornet (D:9)
  9 blink frogs
  3 hippogriffs
  Sigmund (D:5)
  A wraith (D:10)
  23 yaks
  2 hungry ghosts
  2 nagas (Lair:2)
  8 water moccasins
  4 porcupines
  6 orc warriors
  A black bear (D:11)
  4 phantoms
  2 ice beasts
  A necrophage (D:7)
  6 ogres
  5 wolves (Lair:1)
  6 crocodiles
  3 centaurs
  A wyvern zombie (D:11)
  8 bullfrogs
  5 scorpions
  14 killer bees (D:9)
  A howler monkey (D:5)
  2 electric eels (Lair:3)
  5 crimson imps
  A bullfrog zombie (D:6)
  3 jellies
  Crazy Yiuf (D:2)
  Ijyb (D:3)
  14 orc priests
  2 bullfrog skeletons
  4 hounds
  11 orc wizards
  Jessica (D:2)
  Natasha (thrice) (D:3)
  4 iguanas
  11 worker ants
  A hound skeleton (D:5)
  A howler monkey skeleton (D:4)
  15 gnolls
  13 adders
  4 shadow imps
  An adder skeleton (D:4)
  2 worms (D:2)
  2 dart slugs
  6 leopard geckos
  58 orcs
  4 giant cockroaches
  8 goblins
  7 hobgoblins
  6 jackals
  2 quokkas
  5 ball pythons
  4 bats
  4 frilled lizards
  A jackal zombie (D:5)
  12 kobolds
  2 leopard gecko skeletons (D:4)
  7 rats
373 creatures vanquished.

Vanquished Creatures (others)
  A crocodile (Lair:6)
  3 fungi
4 creatures vanquished.

Grand Total: 377 creatures vanquished

Notes
Turn   | Place    | Note
-------+----------+-------------------------------------------
     0 | D:1      | Curus the Minotaur Berserker began the quest for the Orb.
     0 | D:1      | Reached XP level 1. HP: 19/19 MP: 0/0
   211 | D:1      | Gained mutation: You are occasionally teleported next to
                  | monsters. [potion of mutation]
   211 | D:1      | Gained mutation: You have a pair of large horns on your
                  | head. [potion of mutation]
   411 | D:1      | Reached XP level 2. HP: 21/26 MP: 1/1
   933 | D:2      | Reached skill level 5 in Polearms
  1019 | D:2      | Reached XP level 3. HP: 31/31 MP: 2/2
  1060 | D:2      | Noticed Jessica
  1070 | D:2      | Killed Jessica
  1202 | D:2      | Noticed a scorpion
  1222 | D:2      | Killed a scorpion
  1222 | D:2      | Reached XP level 4. HP: 39/39 MP: 3/3
  1450 | D:2      | Found a runed translucent door.
  1451 | D:2      | Noticed Crazy Yiuf
  1838 | D:2      | Killed Crazy Yiuf
  1838 | D:2      | Reached XP level 5. HP: 45/45 MP: 4/4
  2093 | D:3      | Noticed Natasha
  2093 | D:3      | Noticed Ijyb
  2104 | D:3      | Reached ** piety under Trog
  2121 | D:3      | Killed Ijyb
  2125 | D:3      | Killed Natasha
  2202 | D:3      | Found a shimmering altar of Xom.
  2202 | D:3      | Found an ancient bone altar of Kikubaaqudgha.
  2251 | D:3      | Reached XP level 6. HP: 48/51 MP: 5/5
  2543 | D:3      | Noticed Natasha
  2573 | D:3      | Killed Natasha
  2826 | D:3      | Noticed Natasha
  2832 | D:3      | Killed Natasha
  3016 | D:4      | Reached XP level 7. HP: 20/57 MP: 6/6
  3278 | D:4      | Reached skill level 10 in Polearms
  3870 | D:4      | Reached *** piety under Trog
  3916 | D:4      | Got a diamond-encrusted leather armour
  4630 | D:4      | Identified the +3 leather armour of Koyh {rC+ rCorr} (You
                  | found it on level 4 of the Dungeon)
  4642 | D:5      | Entered Level 5 of the Dungeon
  4669 | D:5      | Reached XP level 8. HP: 64/64 MP: 7/7
  4694 | D:5      | Found a white marble altar of Elyvilon.
  4919 | D:5      | Found an ornate altar of the Wu Jian Council.
  5042 | D:5      | Reached skill level 4 in Fighting
  5218 | D:5      | Found a shadowy altar of Dithmenos.
  5224 | D:5      | Found an iron altar of Okawaru.
  5493 | D:5      | Noticed Sigmund
  5510 | D:5      | Killed Sigmund
  5510 | D:5      | Reached skill level 5 in Fighting
  5528 | D:5      | Found an iron altar of Okawaru.
  5737 | D:6      | Reached skill level 6 in Fighting
  5740 | D:6      | Reached skill level 5 in Dodging
  5848 | D:6      | Reached XP level 9. HP: 69/78 MP: 8/8
  5851 | D:6      | Reached **** piety under Trog
  5981 | D:6      | Found a stormy altar of Qazlal.
  6059 | D:6      | Reached skill level 7 in Fighting
  6294 | D:6      | Found a burning altar of Makhleb.
  6807 | D:7      | Found a staircase to the Ecumenical Temple.
  6985 | D:7      | Reached skill level 8 in Fighting
  7364 | D:8      | Found Tigis's Book Shoppe.
  7523 | D:8      | Found Pepneh's Distillery.
  7532 | D:8      | Bought a potion of heal wounds for 70 gold pieces
  7532 | D:8      | Bought a potion of mutation for 112 gold pieces
  7533 | D:8      | Found Veawnuud's Armour Shoppe.
  7627 | D:8      | Found a glowing silver altar of Zin.
  7631 | D:8      | Found an opulent altar of Gozag.
  7859 | D:8      | Found Libloric's Antique Weapon Shoppe.
  7864 | D:8      | Reached skill level 9 in Fighting
  8065 | D:8      | Reached ***** piety under Trog
  8711 | D:8      | Lost mutation: You have a pair of large horns on your head.
                  | [potion of mutation]
  8711 | D:8      | Lost mutation: You are occasionally teleported next to
                  | monsters. [potion of mutation]
  8711 | D:8      | Gained mutation: Potions are less effective at restoring
                  | your health. [potion of mutation]
  8711 | D:8      | Gained mutation: Scrolls take you a little longer to read.
                  | [potion of mutation]
  8711 | D:8      | Gained mutation: You are partially covered in slimy green
                  | scales. (AC +2) [potion of mutation]
  8728 | D:9      | Reached XP level 10. HP: 87/91 MP: 9/9
  8756 | D:9      | Reached skill level 10 in Fighting
  9711 | D:9      | Received a gift from Trog
  9925 | D:10     | Entered Level 10 of the Dungeon
 10114 | D:10     | Noticed a two-headed ogre
 10126 | D:10     | Killed a two-headed ogre
 10126 | D:10     | Reached skill level 11 in Fighting
 10126 | D:10     | Reached skill level 10 in Dodging
 10338 | D:10     | Noticed a phantasmal warrior
 10340 | D:10     | Noticed a death knight
 10354 | D:10     | Killed a phantasmal warrior
 10652 | D:10     | Killed a death knight
 10652 | D:10     | Reached skill level 12 in Fighting
 10652 | D:10     | Reached XP level 11. HP: 58/104 MP: 10/10
 11197 | D:11     | Found Eduf's Weapon Boutique.
 11198 | D:11     | Found a staircase to the Orcish Mines.
 11355 | D:11     | Found Huorghami's Armour Boutique.
 11450 | D:11     | Found a staircase to the Lair.
 11469 | Lair:1   | Entered Level 1 of the Lair of Beasts
 11529 | Lair:1   | Noticed a six-headed hydra
 11543 | Lair:1   | Killed a six-headed hydra
 11545 | Lair:1   | Received a gift from Trog
 11987 | Lair:1   | Noticed Maggie
 12010 | Lair:1   | Killed Maggie
 12065 | Lair:1   | Noticed a catoblepas
 12096 | Lair:1   | Killed a catoblepas
 12096 | Lair:1   | Reached skill level 13 in Fighting
 12713 | Lair:2   | Found a staircase to the Snake Pit.
 12723 | Lair:2   | Reached XP level 12. HP: 111/115 MP: 11/11
 13795 | Lair:3   | Reached skill level 14 in Fighting
 14373 | Lair:3   | Noticed a six-headed hydra
 14378 | Lair:3   | Killed a three-headed hydra
 14474 | Lair:3   | Noticed a four-headed hydra
 14478 | Lair:3   | Noticed a four-headed hydra
 14483 | Lair:3   | Killed a one-headed hydra
 14487 | Lair:3   | Reached skill level 15 in Fighting
 14492 | Lair:3   | Killed a one-headed hydra
 14791 | Lair:3   | Found a bloodstained altar of Trog.
 14993 | Lair:3   | You fall into a shaft and drop 3 floors!
 14993 | Lair:6   | Entered Level 6 of the Lair of Beasts
 15036 | Lair:6   | Slain by a spiny frog

Illustrated notes

Levels and vault maps discovered:
D:1:      zaba_arrival_water, layout_loops_corners, dk_noncrumbling_4
D:2:      layout_basic, uniq_jessica, uniq_crazy_yiuf_cottage
D:3:      layout_loops_cross, amethyst_overflow_temple_binary, first_ration,
          palyth_stone_intersect, uniq_ijyb, uniq_natasha
D:4:      layout_basic
D:5:      layout_basic, overflow_temple_1_default, elyvilon_altar_5,
          grunt_temple_overflow_open, okawaru_altar_gauntlet_db, uniq_sigmund
D:6:      layout_loops_cross, nicolae_overflow_crystal_walls,
          grunt_qazlal_clouds
D:7:      layout_basic, minmay_temple_entry_proselytizer
D:8:      layout_layer_cave, grunt_temple_overflow_gold_and_silver,
          serial_shops, nicolae_shop_trees, shop, nicolae_shop_crystal, shop,
          special_room [special_room_orc]
D:9:      layout_basic, david_nohive_1, kennysheep_pointless_box
D:10:     layout_rooms
D:11:     minmay_the_grid_triangle_9x9_recursive_2
          [minmay_the_grid_triangle_9x9_prize_center,
          minmay_the_grid_triangle_9x9_dagger,
          minmay_the_grid_triangle_9x9_zippers_horizontal,
          minmay_the_grid_triangle_9x9_tough_junction], layout_irregular_city,
          orc_david_3, serial_bayou_lake_a
Lair:1:   layout_gridlike, hangedman_lair_generics_rect, serial_bayou_shore_b,
          grunt_megastairs_4, uniq_maggie
Lair:2:   layout_cave_pods, guppyfry_snake_entry_island, gauntlet_entry_generic,
          nicolae_volcano_entry_s_turn, lemuel_fruit_fields
Lair:3:   layout_gridlike, basic_altar, nicolae_quartered_pool_medium
Lair:6:   guppyfry_lair_end_dragon, layout_regular_city,
          hangedman_lair_tendril_chambers, ebering_ghost_inner_flame

Skill      XL: |  1  2  3  4  5  6  7  8  9 10 11 12 |
---------------+-------------------------------------+-----
Polearms       | 4 5 6 7 8 9 11 12 14 | 14.1
Fighting       | 6 9 12 13 15 | 15.2
Dodging        | 5 8 11 12 13 | 13.9
Armour         | |  2.4

Action                   |  1- 3 |  4- 6 |  7- 9 | 10-12 || total
-------------------------+-------+-------+-------+-------++-------
Melee: Spear             |    58 |   253 |   348 |       ||   659
       Headbutt          |     7 |    28 |    70 |   128 ||   233
       Unarmed           |    11 |     4 |       |       ||    15
       Trident           |       |       |   118 |   418 ||   536
       Glaive            |       |       |       |   125 ||   125
Invok: Berserk           |     1 |       |       |     2 ||     3
       Trog's Hand       |       |       |     1 |     1 ||     2
  Use: Scroll            |     5 |     3 |     5 |     8 ||    21
       Potion            |     5 |     1 |     4 |     4 ||    14
 Stab: Sleeping          |       |       |     1 |     1 ||     2
       Distracted        |       |       |       |     1 ||     1
  Eat: Chunk             |     1 |     6 |    18 |    16 ||    41
       Ration            |       |       |       |     2 ||     2
Armor: Animal skin       |     5 |       |       |       ||     5
       Scale mail        |    14 |     1 |       |       ||    15
       Chain mail        |       |    45 |    15 |       ||    60
       Leather armour    |       |       |    31 |    35 ||    66
       Ring mail         |       |       |       |    64 ||    64
Dodge: Dodged            |    17 |    16 |   102 |   365 ||   500
Block: Kite shield       |    25 |    97 |    43 |       ||   165
       Reflection        |     2 |     6 |     6 |     1 ||    15
       Other             |     1 |     1 |    30 |    84 ||   116
